 Dungeon Crawl Stone Soup version 0.28.0-53-g5a82cb258f (webtiles) character file.

Game seed: 14931418368791320079

56 ZappyNine the Magician (level 3, -2/16 HPs)
             Began as a Felid Hedge Wizard on June 30, 2022.
             Killed from afar by a white imp (3 damage)
             ... with a puff of frost
             ... on level 5 of the Dungeon.
             The game lasted 00:05:14 (4199 turns).

ZappyNine the Magician (Felid Hedge Wizard)         Turns: 4199, Time: 00:05:15

Health: -2/16      AC:  1    Str:  6    XL:     3   Next: 69%
Magic:  9/9        EV: 17    Int: 17    God:
Gold:   95         SH:  0    Dex: 15    Spells: 3/9 levels left
                                        Lives:  0   Deaths: 1

rFire   . . .      SeeInvis +   (weapon unavailable)
rCold   . . .      Faith    .   (shield unavailable)
rNeg    . . .      Spirit   .   (armour unavailable)
rPois   .          Reflect  .   (helmet unavailable)
rElec   .          Harm     .   (cloak unavailable)
rCorr   .          Rampage  .   (gloves unavailable)
Will    .....                   (boots unavailable)
Stlth   ++........              (no amulet)
HPRegen 0.05/turn               (no ring)
MPRegen 0.11/turn               (no ring)

@: quick
A: very small, claws 1, fangs 3, see invisible, speed 1, shaggy fur 1, stealthy
paws, no weapons or thrown items, no armour, multi-lived
a: no special abilities


You were on level 5 of the Dungeon.
You visited 1 branch of the dungeon, and saw 4 of its levels.

You collected 95 gold pieces.

Inventory:

Scrolls
 c - 2 scrolls of holy word {unknown}
 e - a scroll of fog {unknown}
 f - a scroll of magic mapping {unknown}
Potions
 a - a potion of attraction {unknown}
 b - a potion of might {unknown}
 d - a potion of cancellation {unknown}
 g - a potion of magic {unknown}


   Skills:
 + Level 1.7 Fighting
 - Level 2.6 Dodging
 - Level 2.6 Stealth
 + Level 3.5 Spellcasting
 + Level 1.9 Conjurations
 + Level 2.1 Summonings
 + Level 3.2 Translocations


You had 3 spell levels left.
You knew the following spells:

 Your Spells              Type           Power      Damage    Failure   Level
a - Magic Dart            Conj           36%        1d4       8%          1
b - Call Imp              Summ           10%        N/A       11%         2
c - Blink                 Tloc           28%        N/A       7%          2
d - Slow                  Hex            8%         N/A       17%         1

Your spell library contained the following spells:

 Spells                   Type           Power      Damage    Failure   Level
 Conjure Flame            Conj/Fire      6%         6-21      32%         3
 Mephitic Cloud           Conj/Pois/Air  5%         N/A       36%         3


Dungeon Overview and Level Annotations

Branches:
Dungeon (3/15)

Altars:

Shops:
D:1 [


Innate Abilities, Weirdness & Mutations

You have sharp claws.
You have razor-sharp teeth.
You have supernaturally acute eyesight. (SInv)
You cover ground quickly. (Speed+)
You are covered in fur. (AC +1)
Your paws help you pounce on unaware monsters.
You are incapable of wielding weapons or throwing items.
You cannot wear armour.
You gain extra lives every three experience levels.


Message History

The water moccasin zombie completely misses you.
You barely miss the water moccasin zombie.
The water moccasin zombie is lightly damaged.
The water moccasin zombie barely misses you.
You scratch the water moccasin zombie.
The water moccasin zombie is moderately damaged.
The water moccasin zombie misses you.
Your crimson imp hits the water moccasin zombie.
You scratch the water moccasin zombie.
The water moccasin zombie is moderately damaged.
The water moccasin zombie closely misses you.
Your crimson imp barely misses the water moccasin zombie.
The water moccasin zombie bites you.
You scratch the water moccasin zombie.
Your claw misses the water moccasin zombie.
The water moccasin zombie is heavily damaged.
Your crimson imp hits the water moccasin zombie.
The water moccasin zombie completely misses you.
You scratch the water moccasin zombie.
The water moccasin zombie is heavily damaged.
Your crimson imp barely misses the water moccasin zombie.
The water moccasin zombie bites you!
Ouch! That really hurt!
* * * LOW HITPOINT WARNING * * *
You scratch the water moccasin zombie.
Your bite misses the water moccasin zombie.
The water moccasin zombie is heavily damaged.
Your crimson imp hits the water moccasin zombie.
The water moccasin zombie bites your crimson imp.
You completely miss the water moccasin zombie.
The water moccasin zombie is severely damaged.
The water moccasin zombie barely misses you.
Your crimson imp hits the water moccasin zombie.
You scratch the water moccasin zombie. You bite the water moccasin zombie.
The water moccasin zombie is almost destroyed.
The water moccasin zombie completely misses you.
Your crimson imp hits the water moccasin zombie.
The white imp gestures at you. The puff of frost hits you.
You die...

#.......# .#
##.......# .. ####
#........# .# ...#
#####.....5..#
...###............+
.....#.####)......#
.....#.....####..##
.....+.........#.#
.....##.#......#@#
.....##'#......#Z.#
...........######5#
............... ..
####......#.... ..#
#......#.... ...
#...#### .. .#.#
#...# . ...# #...#


You could see a white imp, a water moccasin zombie (ally target) and a friendly
crimson imp (summoned).

Vanquished Creatures
  2 adders (D:2)
  A worm (D:2)
  2 dart slugs (D:2)
  7 ball pythons
  7 endoplasms
  3 goblins (D:1)
  3 hobgoblins
  9 jackals
  A kobold (D:2)
  2 quokkas
  A bat (D:1)
  A frilled lizard (D:2)
  2 rats
41 creatures vanquished.

Vanquished Creatures (collateral kills)
  A hound (D:5)
  A howler monkey zombie (D:5)
  2 hobgoblins (D:2)
  A ball python (D:1)
  A bat (D:1)
6 creatures vanquished.

Grand Total: 47 creatures vanquished

Notes
Turn   | Place    | Note
-------+----------+-------------------------------------------
     0 | D:1      | ZappyNine the Felid Hedge Wizard began the quest for the
                  | Orb.
     0 | D:1      | Reached XP level 1. HP: 7/7 MP: 5/5
    33 | D:1      | Reached skill level 1 in Conjurations
   363 | D:1      | Found Domoq's Armour Shop.
   705 | D:1      | Reached XP level 2. HP: 8/12 MP: 4/7
   785 | D:1      | Learned a level 2 spell: Call Imp
   788 | D:1      | Learned a level 2 spell: Blink
  1588 | D:1      | Learned a level 1 spell: Slow
  2183 | D:2      | Reached skill level 1 in Fighting
  2183 | D:2      | Reached XP level 3. HP: 15/15 MP: 4/8
  3093 | D:2      | Found a faded altar of an unknown god.
  3448 | D:2      | Reached XP level 4. HP: 16/19 MP: 6/10
  3779 | D:3      | You fall into a shaft and drop 2 floors!
  3779 | D:5      | Entered Level 5 of the Dungeon
  4168 | D:5      | Noticed a sky beast
  4180 | D:5      | Slain by a white imp
  4181 | D:5      | Reached XP level 3. HP: -3/16 MP: 8/9
  4199 | D:5      | Killed from afar by a white imp

Illustrated notes

Levels and vault maps discovered:
D:1:      dpeg_arrival_windows_large_door, layout_basic, serial_shops, shop,
          st_stairs_8, interstate_on_off, minmay_domino_2
D:2:      layout_loops_ring, hellmonk_ecumenical_altar_inner_sanctum
D:3:      gammafunk_steamed_eel, layout_basic, uniq_natasha, uniq_ijyb
D:5:      layout_basic

Skill      XL: |  1  2  3  4 |
---------------+-------------+-----
Conjurations   | 1 |  1.9
Translocations | 2 3 |  3.2
Fighting       | 1 |  1.7
Summonings     | 2 |  2.1
Dodging        | |  2.6
Stealth        | |  2.6
Spellcasting   | |  3.5

Action                   |  1- 3 |  4- 6 || total
-------------------------+-------+-------++-------
Melee: Unarmed           |    76 |    23 ||    99
       Bite              |    11 |     3 ||    14
       Punch             |       |     1 ||     1
 Cast: Magic Dart        |    56 |    11 ||    67
       Call Imp          |     9 |     3 ||    12
       Blink             |     4 |       ||     4
       Slow              |     4 |       ||     4
 Stab: Distracted        |     1 |       ||     1
       Sleeping          |     2 |     2 ||     4
Armor: Skin              |     3 |       ||     3
Dodge: Dodged            |    66 |    24 ||    90
